AoeStats
← jo8313

Glade

510748438Analyzed
1v1 RM · 4h ago on Oct 2, 2026· 38m 47s· 2 players
Game mode
Random Map
Map size
Tiny (2 player)
Population
200
Speed
Normal
Resources
Standard
Victory
Conquest
Starting age
Dark Age
Ending age
Imperial Age
RankedLock teamsTeams togetherTeam positionsShared explorationLock speedFull tech treeHidden civsTurbo modeCheats
Victory
Defeat
🇨🇳 Cumans · China
1454
+16
🇫🇷 Mongols · France
1460
-16
WMC
9:12 Feudal Age
11:08 Double-Bit Axe
15:27 Horse Collar
17:36 Wheelbarrow
21:14 Castle Age
19:05 Loom
19:49 Scale Barding Armor
20:07 Bloodlines
20:17 Gold Mining
22:17 Chain Barding Armor
22:48 Forging
24:45 Bow Saw
26:12 Town Watch
27:45 Gold Shaft Mining
27:27 Stone Mining
28:41 Iron Casting
32:25 Imperial Age
30:42 Hand Cart
30:13 Elite Skirmisher
31:02 Thumb Ring
31:22 Padded Archer Armor
32:12 Fletching
32:38 Leather Archer Armor
33:05 Ballistics
32:35 Cavalier
35:03 Hoardings
34:39 Masonry
35:08 Plate Barding Armor
34:12 Paladin
35:57 Plate Barding Armor
37:38 Blast Furnace
37:23 Guilds
38:06 Conscription
jo8313
7:36 Feudal Age
8:19 Double-Bit Axe
10:22 Loom
11:23 Fletching
18:57 Castle Age
17:11 Horse Collar
18:16 Gold Mining
18:58 Crossbowman
20:20 Bow Saw
21:15 Town Watch
22:17 Bodkin Arrow
27:41 Wheelbarrow
32:54 Imperial Age
31:20 Bloodlines
31:19 Husbandry
32:18 Heavy Plow
33:04 Ballistics
34:58 Masonry
38:17 Bracer
38:18 Padded Archer Armor
40:14 Chemistry
Connection lost

Rejoining the realm…

Still unreachable

The connection could not be restored.

Session expired

The server has moved on; the page needs a fresh start.